[Event "Early-Titled-Tuesday-Blitz-May-14-2024"]
[Site "Chess.com"]
[Date "2024.05.14"]
[Round "1"]
[White "David_ATM"]
[Black "chessdjw"]
[Result "0-1"]
[WhiteElo "2455"]
[BlackElo "2792"]
[TimeControl "180+1"]
[EndTime "8:06:55 PDT"]
[Termination "chessdjw won on time"]

1. e4 e5 2. Nf3 Nc6 3. Bb5 a6 4. Ba4 Nf6 5. O-O b5 6. Bb3 Bc5 7. Re1 d6 8. c3 Bb6 9. a4 Rb8 10. axb5 axb5 11. h3 O-O 12. d4 Re8 13. Bg5 h6 14. Bh4 g5 15. Nxg5 hxg5 16. Bxg5 exd4 17. cxd4 Nxd4 18. Nc3 Re5 19. Bh4 Nxb3 20. Qxb3 Rh5 21. g3 Be6 22. Qd1 Rxh4 23. gxh4 Qf8 24. Qf3 Qh6 25.
e5 dxe5 26. Ne4 Nxe4 27. Rxe4 Bd4 28. Kh2 f5 29. Rg1+ Kh8 30. Re2 e4 31. Qg3 Rg8 32. Qxc7 Qxh4 33. Rxg8+ Bxg8 34. Qd7 Bxf2 35. Qe6 Qg3+ 0-1

[Event "Early-Titled-Tuesday-Blitz-May-14-2024"]
[Site "Chess.com"]
[Date "2024.05.14"]
[Round "1"]
[White "Matols"]
[Black "viktorskliarov"]
[Result "0-1"]
[WhiteElo "2361"]
[BlackElo "2677"]
[TimeControl "180+1"]
[EndTime "8:06:55 PDT"]
[Termination "viktorskliarov won by resignation"]

1. d4 Nf6 2. c4 e6 3. g3 c5 4. d5 exd5 5. cxd5 d6 6. Nc3 g6 7.
Bg2 Bg7 8. Nf3 O-O 9. O-O a6 10.
a4 Re8 11. Nd2 Nbd7 12. h3 Rb8 13. Nc4 Ne5 14. Na3 Qc7 15. f4 Ned7 16. e4 c4 17. Be3 Nc5 18. e5 dxe5 19. d6 Qa5 20. Nxc4 Qb4 21.
Nxe5 Be6 22. Qd2 Nb3 23. Qf2 Nxa1 24. Rxa1 Qxd6 25. Rd1 Qc7 26. Bb6 Qc8 27. g4 Nd7 28. Nxd7 Bxd7 29. Nd5 Bxa4 30. Rf1 Qd7 31. f5 Rbc8 32.
f6 Bf8 33. Bd4 Rc2 34. Qh4 Rxg2+ 35. Kxg2 Qxd5+ 36. Rf3 Qxd4 0-1

[Event "Early-Titled-Tuesday-Blitz-May-14-2024"]
[Site "Chess.com"]
[Date "2024.05.14"]
[Round "1"]
[White "IvanMorovic"]
[Black "Aygehovit1992"]
[Result "0-1"]
[WhiteElo "2438"]
[BlackElo "2857"]
[TimeControl "180+1"]
[EndTime "8:06:56 PDT"]
[Termination "Aygehovit1992 won by resignation"]

1. d4 Nf6 2. c4 g6 3. Nc3 Bg7 4. e4 d6 5. Nf3 O-O 6. Be2 e5 7. d5 a5 8. h3 Na6 9. Bg5 Qe8 10. Nd2 Nd7 11. g4 f6 12. Be3 f5 13. gxf5 gxf5 14.
exf5 Ndc5 15. Rg1 Kh8 16. Nde4 Bxf5 17. Nxc5 Nxc5 18. Bxc5 dxc5 19. Bg4 Bg6 20. Qd2 e4 21. Be6 a4 22. a3 Ra6 23. O-O-O Rb6 24. Rg3 Rb3 25.
Rdg1 Rf3 26. Rxg6 hxg6 27. Qg5 Qf8 28. Rg4 Rxh3 29. Nxe4 Rh1+ 30. Rg1 Rxg1+ 31. Qxg1 Qf4+ 32. Kd1 Qf3+ 33. Kc1 Bxb2+ 34. Kd2 Qd3+ 35. Ke1 Qb1+ 0-1

[Event "Early-Titled-Tuesday-Blitz-May-14-2024"]
[Site "Chess.com"]
[Date "2024.05.14"]
[Round "1"]
[White "andrzej"]
[Black "maciek_92"]
[Result "0-1"]
[WhiteElo "2463"]
[BlackElo "2801"]
[TimeControl "180+1"]
[EndTime "8:06:57 PDT"]
[Termination "maciek_92 won by checkmate"]

1. e4 c5 2. Nf3 e6 3. d4 cxd4 4. Nxd4 Nc6 5. c4 Nf6 6. Nc3 Bb4 7. Qd3 O-O 8. Be2 d5 9. exd5 exd5 10. Nxc6 bxc6 11.
O-O Ba6 12. Qf3 Re8 13. Rd1 Bxc3 14. bxc3 Qa5 15. Bg5 Ne4 16. Bd2 Rad8 17. Be1 Nd6 18. Bd3 Bxc4 19. Bc2 Be2 20. Qh3 h6 21. Rd4 Bc4 22.
Rg4 Re6 23. Bd2 Rde8 24. Be3 Qxc3 25. Rc1 Qb2 26. Qg3 Qxc1+ 27. Bxc1 Re1# 0-1

[Event "Early-Titled-Tuesday-Blitz-May-14-2024"]
[Site "Chess.com"]
[Date "2024.05.14"]
[Round "1"]
[White "AsaHoffmann"]
[Black "jinbojinbo"]
[Result "0-1"]
[WhiteElo "2329"]
[BlackElo "2650"]
[TimeControl "180+1"]
[EndTime "8:06:57 PDT"]
[Termination "jinbojinbo won by resignation"]

1. d4 f5 2. Nc3 Nf6 3. Bg5 d5 4. f3 h6 5. Bh4 g5 6. Bf2 Bg7 7. e4 dxe4 8. fxe4 O-O 9. Bc4+ Kh8 10. Nf3 Ng4 11. h4 Nxf2 12. Kxf2 fxe4 13. Nxe4 g4 14. c3 gxf3 15. gxf3 e5 16. dxe5 Qxd1 17. Raxd1 Bxe5 18. Rhg1 Nc6 19. Nc5 Bf5 20. Nd7 Bxd7 21.
Rxd7 Rad8 22. Rxd8 Rxd8 23. Rg6 Rd2+ 24. Ke3 Rxb2 25.
Bd5 Bxc3 26. Bxc6 bxc6 27. Rxh6+ Kg7 28. Rxc6 Ba5 29. h5 Rxa2 30. h6+ Kh7 31. Ke4 Rh2 32. f4 Rxh6 33. Rc5 Bb6 34. Rd5 a5 35. f5 a4 36.
Rd7+ Kg8 37. Ke5 a3 38. Rd8+ Kf7 39. Ra8 Bc5 40. Ra5 Bd6+ 41. Ke4 Rh2 0-1

[Event "Early-Titled-Tuesday-Blitz-May-14-2024"]
[Site "Chess.com"]
[Date "2024.05.14"]
[Round "1"]
[White "nitpicker"]
[Black "FoggyMorning"]
[Result "0-1"]
[WhiteElo "2276"]
[BlackElo "2612"]
[TimeControl "180+1"]
[EndTime "8:06:58 PDT"]
[Termination "FoggyMorning won by resignation"]

1. d4 Nf6 2. c4 e6 3. g3 Bb4+ 4. Bd2 Qe7 5. Bg2 Nc6 6. Nf3 Bxd2+ 7. Qxd2 Ne4 8. Qc2 Qb4+ 9. Kf1 d5 10. b3 O-O 11. a3 Qe7 12. Nbd2 Nxd2+ 13. Qxd2 Rd8 14. cxd5 exd5 15. b4 Bf5 16. e3 a6 17. Ke2 Na7 18.
Rhc1 c6 19. Kf1 Nb5 20. Ne5 Nd6 21. Nd3 Nc4 22. Qe2 Bxd3 23. Qxd3 Rd6 24. Rc2 b5 25. a4 Re8 26. axb5 axb5 27. Rca2 Rh6 28. Kg1 Qxb4 29. Ra8 Re6 30. Bh3 Qf8 31. Bxe6 Rxa8 32. Rxa8 Qxa8 33.
Bd7 Qb7 34. Qf5 g6 35. Qg4 h5 36. Qh3 b4 37. Bc8 Qc7 38. Ba6 b3 39. Qf1 Qb6 40. Bxc4 dxc4 41. Qxc4 b2 42. d5 b1=Q+ 43. Kg2 cxd5 44.
Qxd5 Qb7 0-1

[Event "Early-Titled-Tuesday-Blitz-May-14-2024"]
[Site "Chess.com"]
[Date "2024.05.14"]
[Round "1"]
[White "FollowRivers"]
[Black "Akewjon"]
[Result "0-1"]
[WhiteElo "2451"]
[BlackElo "2789"]
[TimeControl "180+1"]
[EndTime "8:06:59 PDT"]
[Termination "Akewjon won on time"]

1. Nf3 Nf6 2. b3 e6 3. Bb2 d5 4. e3 a5 5. a3 Bd6 6. d4 O-O 7. Bd3 Nbd7 8. O-O c5 9. Ne5 Qc7 10. f4 a4 11. Nc3 cxd4 12. Nb5 Qb8 13. Nxd6 Qxd6 14. exd4 b6 15. Rf3 Ba6 16. Rh3 Bxd3 17. Qxd3 Rfc8 18. g4 axb3 19. cxb3 Ne4 20. Re1 Nxe5 21.
fxe5 Qc6 22. Re2 Qd7 23. Rf3 Rc7 24. Re1 Rac8 25. Ref1 Qe8 26. a4 Rc2 27. Ba3 Rd2 28. Qb5 Qxb5 29. axb5 Rcc2 30. Rc1 Rxh2 31. Rxc2 Rxc2 32.
Bd6 f6 33. b4 Ra2 34. Rd3 Kf7 35. Bc7 Rb2 36. Ra3 Rxb4 37. Ra7 Rxb5 38. Bd6+ Kg6 39.
Bf8 fxe5 40. dxe5 Kg5 41. Rxg7+ Kf4 42. Rxh7 Kxe5 43. Bg7+ Kf4 44. Rh4 Kg3 0-1

[Event "Early-Titled-Tuesday-Blitz-May-14-2024"]
[Site "Chess.com"]
[Date "2024.05.14"]
[Round "1"]
[White "SargissyanSargis"]
[Black "NewBornNow"]
[Result "0-1"]
[WhiteElo "2430"]
[BlackElo "2763"]
[TimeControl "180+1"]
[EndTime "8:06:59 PDT"]
[Termination "NewBornNow won by resignation"]

1. e4 c5 2. Nf3 d6 3. d4 cxd4 4. Nxd4 Nf6 5. Nc3 a6 6. Bd3 Nc6 7. Nde2 e6 8. O-O Be7 9. f4 O-O 10. Ng3 b5 11. Nh5 Nxh5 12. Qxh5 b4 13. Ne2 d5 14. e5 g6 15. Qh6 Re8 16. Be3 a5 17.
Ng3 Bf8 18. Qh3 Ba6 19. Qg4 Bxd3 20. cxd3 f5 21. exf6 Qxf6 22. f5 exf5 23. Nxf5 Qe6 24. Rae1 Ne5 25. Nh6+ Bxh6 26. Qxe6+ Rxe6 27. Bxh6 Rae8 28. Kh1 Nf7 29. Bd2 Re2 30. Rd1 Ne5 31. Bh6 Ng4 32.
Kg1 Nxh6 0-1

[Event "Early-Titled-Tuesday-Blitz-May-14-2024"]
[Site "Chess.com"]
[Date "2024.05.14"]
[Round "1"]
[White "LuisFSiles"]
[Black "bascheyaro"]
[Result "0-1"]
[WhiteElo "2470"]
[BlackElo "2819"]
[TimeControl "180+1"]
[EndTime "8:07:00 PDT"]
[Termination "bascheyaro won by resignation"]

1. e4 e6 2. d4 d5 3. e5 c5 4. c3 Qb6 5. Nf3 Bd7 6. a3 Bb5 7. b4 cxd4 8. Bxb5+ Qxb5 9. cxd4 Ne7 10. Nc3 Qd7 11. O-O Nbc6 12. Be3 h5 13. Na4 b6 14.
h4 Nf5 15. Rc1 Be7 16. g3 O-O 17. Nc3 Rfc8 18. Ne2 g6 19. Nf4 b5 20. Ng5 Bxg5 21.
hxg5 a5 22. Kg2 axb4 23. Rh1 Ng7 24. g4 bxa3 25. gxh5 Ne7 26. hxg6 fxg6 27. Ra1 b4 28. Rh6 Qa4 29. Qg4 Qc2 30. Rah1 Kf7 31. Rh7 Qe4+ 32. Kh2 Nf5 33. Nh5 Qxg4 0-1

[Event "Early-Titled-Tuesday-Blitz-May-14-2024"]
[Site "Chess.com"]
[Date "2024.05.14"]
[Round "1"]
[White "TigrVShlyape"]
[Black "catalin009"]
[Result "1-0"]
[WhiteElo "2948"]
[BlackElo "2529"]
[TimeControl "180+1"]
[EndTime "8:07:01 PDT"]
[Termination "TigrVShlyape won by resignation"]

1. e4 c5 2. Nf3 e6 3. d4 cxd4 4. Nxd4 Nc6 5. Nb5 Nf6 6. N1c3 Bc5 7. Bf4 O-O 8. Bc7 Qe7 9. Bd6 Bxd6 10. Qxd6 b6 11. Qxe7 Nxe7 12. O-O-O d5 13. Nc7 Rb8 14. exd5 exd5 15. N7xd5 Nexd5 16. Nxd5 Ne4 17. Ne7+ Kh8 18. Nxc8 Rfxc8 19. Ba6 Nxf2 20. Bxc8 Rxc8 21. Rhe1 Nxd1 22. Rxd1 g5 23. Rd7 Kg7 24. Rxa7 Re8 25. Kd2 Rd8+ 26. Kc3 Rc8+ 27. Kd3 Rd8+ 28. Ke2 Kg6 29. Re7 Rd6 30.
a4 f5 31. g3 h5 32. Re5 Kf6 33. Re3 g4 34. c4 f4 35. gxf4 Kf5 36. Re5+ Kxf4 37.
Rxh5 Re6+ 38. Kd2 Kf3 39. b4 Re2+ 40. Kd3 Re3+ 41. Kd4 Re4+ 42. Kd5 Re2 43. Kc6 Rb2 44. b5 Rb4 45. Kxb6 Rxc4 46. a5 Kg2 47. a6 Rc3 48.
a7 Ra3 49. Kb7 Rh3 50. Rxh3 gxh3 51. a8=Q Kxh2 52. b6 1-0

[Event "Early-Titled-Tuesday-Blitz-May-14-2024"]
[Site "Chess.com"]
[Date "2024.05.14"]
[Round "1"]
[White "RianKapriaga"]
[Black "bescmelasti"]
[Result "0-1"]
[WhiteElo "2294"]
[BlackElo "2620"]
[TimeControl "180+1"]
[EndTime "8:07:01 PDT"]
[Termination "bescmelasti won by checkmate"]

1. d4 Nf6 2. Nf3 c5 3. e3 g6 4. Bd3 Bg7 5. O-O O-O 6. b3 d5 7. Bb2 cxd4 8. exd4 Nc6 9. Nbd2 Nb4 10. Be2 Bf5 11.
Ne1 Rc8 12. c3 Nc6 13. Nef3 Ne4 14. Re1 e5 15. Nxe4 dxe4 16. Nxe5 Nxe5 17. dxe5 Bxe5 18. Qc1 Qf6 19. Bc4 h5 20. a4 Rfd8 21. Qe3 a6 22.
a5 h4 23. h3 Bb8 24. Rad1 Qe5 25. Rxd8+ Rxd8 26. Qg5 Rd7 27. Kf1 Qh2 28. Ke2 Bf4 29.
Qxh4 Rd2+ 30. Kf1 Qh1# 0-1

[Event "Early-Titled-Tuesday-Blitz-May-14-2024"]
[Site "Chess.com"]
[Date "2024.05.14"]
[Round "1"]
[White "Levanzovsky"]
[Black "HighLawView"]
[Result "1-0"]
[WhiteElo "2563"]
[BlackElo "2110"]
[TimeControl "180+1"]
[EndTime "8:07:01 PDT"]
[Termination "Levanzovsky won by resignation"]

1. e4 e5 2. Nf3 Nc6 3. Bb5 a6 4. Ba4 Nf6 5. O-O b5 6. Bb3 Bc5 7. Nxe5 Nxe5 8. d4 Nfg4 9. dxc5 Qh4 10. Bf4 Bb7 11. h3 h5 12. Nd2 f5 13. Bd5 Bxd5 14. exd5 O-O-O 15. a4 b4 16. Qe2 Kb7 17. Bxe5 Rde8 18. Nc4 Rxe5 19. Nxe5 d6 20. Nf3 Qf6 21. cxd6 cxd6 22. Qe6 Qxb2 23. Qd7+ Ka8 24. Qc6+ Ka7 25. Qxd6 Qc3 26. Qc6 Qb2 27. Qc7+ Ka8 28. Rab1 Qc3 29.
Qxc3 bxc3 30. Rb6 Ka7 31. Rfb1 Nf6 32. Ne5 Nxd5 33. Nc6+ 1-0

[Event "Early-Titled-Tuesday-Blitz-May-14-2024"]
[Site "Chess.com"]
[Date "2024.05.14"]
[Round "1"]
[White "LeoLV10"]
[Black "VerdeNotte"]
[Result "0-1"]
[WhiteElo "2509"]
[BlackElo "2877"]
[TimeControl "180+1"]
[EndTime "8:07:02 PDT"]
[Termination "VerdeNotte won by resignation"]

1. e4 e5 2. Nf3 Nc6 3. Bb5 a6 4. Ba4 Nf6 5. O-O d6 6. Re1 Bd7 7. c3 g6 8. d4 Bg7 9. h3 O-O 10.
Nbd2 exd4 11. cxd4 Nb4 12. Bb3 Nd3 13. Re3 Nxc1 14.
Rxc1 h6 15. Rec3 Rc8 16. Bc2 Nh5 17. Bb1 c5 18. e5 cxd4 19. Rxc8 Bxc8 20. exd6 Qxd6 21.
Nc4 Qf6 22. Nce5 Nf4 23. Kh2 Qd6 24. Nc4 Qb8 25. Kg1 Be6 26. b3 d3 27. Ne1 Ne2+ 28. Kh1 Nxc1 29. Qxc1 Bxc4 30. bxc4 Qe5 31. Nxd3 Qe2 32.
Kg1 Rd8 33. Qc2 Qxc2 34. Bxc2 Rd4 35. c5 Bf8 36. Kf1 Rc4 37. Bb3 Rc3 38. Ke2 Bxc5 39. g3 Bd4 40. f4 Kg7 41. Kd2 h5 42. Nb4 Rxg3 43. Nd5 Rxh3 44. a4 Rxb3 0-1

[Event "Early-Titled-Tuesday-Blitz-May-14-2024"]
[Site "Chess.com"]
[Date "2024.05.14"]
[Round "1"]
[White "platy3"]
[Black "balack95"]
[Result "1-0"]
[WhiteElo "2869"]
[BlackElo "2503"]
[TimeControl "180+1"]
[EndTime "8:07:02 PDT"]
[Termination "platy3 won by resignation"]

1. e4 c5 2. Nf3 e6 3. d4 cxd4 4.
Nxd4 Nc6 5. Nc3 Qc7 6. Ncb5 Qb8 7. Bd3 a6 8. Nxc6 dxc6 9. Nd4 e5 10. Nf3 Nf6 11. O-O Bc5 12. a3 a5 13. Bg5 Nd7 14. Qd2 h6 15. Be3 O-O 16. b4 Bxe3 17.
Qxe3 Nf6 18. Nd2 Be6 19. Bc4 Qd6 20. Bxe6 Qxe6 21. f3 Rfd8 22. Qc3 axb4 23. axb4 b5 24. Nb3 Ra4 25. Rxa4 bxa4 26. Nc5 Qa2 27. Ra1 Nd5 28. exd5 Qxd5 29. Nxa4 e4 30. fxe4 Qxe4 31. Nc5 Qh4 32. Nd3 Rd6 33. Qe5 Rg6 34. Rf1 Qc4 35. Qe8+ Kh7 36. Rf2 Qd4 37. Qe5 Qc4 38. h3 Re6 39.
Qf5+ Rg6 40. Ne5 1-0

[Event "Early-Titled-Tuesday-Blitz-May-14-2024"]
[Site "Chess.com"]
[Date "2024.05.14"]
[Round "1"]
[White "Meri-Arabidze"]
[Black "Shivananda1964"]
[Result "1-0"]
[WhiteElo "2711"]
[BlackElo "2399"]
[TimeControl "180+1"]
[EndTime "8:07:02 PDT"]
[Termination "Meri-Arabidze won on time"]

1. Nf3 Nf6 2. c4 Nc6 3. g3 e5 4. Nc3 d5 5. cxd5 Nxd5 6. d3 Nb6 7. Bg2 Be7 8. O-O O-O 9. Rb1 Be6 10. a3 f6 11. b4 a5 12. b5 Nd4 13. a4 Qd7 14. Re1 Rad8 15. Bd2 Rfe8 16. Ne4 h6 17. Bxa5 Bd5 18.
Nxd4 exd4 19. Bb4 f5 20. Nd2 Bxg2 21. Kxg2 Nd5 22. Bxe7 Rxe7 23. Qb3 Kh7 24. Nf3 Nc3 25. Rb2 Rde8 26. Qc4 Nxe2 27. Ra1 f4 28. a5 fxg3 29. hxg3 Qg4 30. Rxe2 Rxe2 31. Qxd4 Qxd4 32. Nxd4 Rd2 33. a6 bxa6 34. bxa6 Rxd3 35. Nb5 c6 36. Nc7 Rc8 37.
a7 Rd7 38. a8=Q Rxa8 39. Nxa8 c5 40. Nb6 Rd4 41. Rc1 Rb4 42. Nd7 c4 43. Ne5 1-0

[Event "Early-Titled-Tuesday-Blitz-May-14-2024"]
[Site "Chess.com"]
[Date "2024.05.14"]
[Round "1"]
[White "super_emi_26"]
[Black "fen_fire"]
[Result "1-0"]
[WhiteElo "2903"]
[BlackElo "2516"]
[TimeControl "180+1"]
[EndTime "8:07:04 PDT"]
[Termination "super_emi_26 won on time"]

1. d4 Nf6 2. c4 Nc6 3. Nf3 e6 4. a3 d6 5. Nc3 g6 6. g3 Bg7 7.
Bg2 O-O 8. O-O Re8 9. d5 Ne7 10. dxe6 Bxe6 11. Nd4 Bc8 12. Qc2 c6 13. Rd1 Nf5 14.
Nf3 Qe7 15. b4 Ne4 16. Bb2 Nxc3 17. Bxc3 Ne3 18. fxe3 Qxe3+ 19. Kf1 Qxc3 20. Qxc3 Bxc3 21. Rac1 Bb2 22. Rb1 Be5 23. Nxe5 dxe5 24. b5 c5 25.
Rd5 Bf5 26. Rbd1 Rac8 27. Rd6 b6 28. Bd5 Kg7 29. e4 Bg4 30. Ra1 Rc7 31. a4 Kf8 32.
a5 Rb8 33. axb6 axb6 34. Ra6 Ke7 35. Rdxb6 Rxb6 36. Rxb6 f5 37. Rb8 fxe4 38. b6 Rd7 39. b7 Kd6 40. Rf8 Rxb7 41. Bxb7 1-0

[Event "Early-Titled-Tuesday-Blitz-May-14-2024"]
[Site "Chess.com"]
[Date "2024.05.14"]
[Round "1"]
[White "ReinisUz"]
[Black "NikitaShnadrygin"]
[Result "0-1"]
[WhiteElo "2415"]
[BlackElo "2741"]
[TimeControl "180+1"]
[EndTime "8:07:04 PDT"]
[Termination "NikitaShnadrygin won by resignation"]

1. c4 Nf6 2. Nc3 d5 3. cxd5 Nxd5 4. d4 g6 5. e4 Nxc3 6. bxc3 Bg7 7. Be3 c5 8. Nf3 Qa5 9. Qd2 cxd4 10. cxd4 Qxd2+ 11. Kxd2 O-O 12. Bb5 a6 13. Ba4 b5 14. Bb3 Bb7 15. Kd3 Nc6 16. Nd2 Rfd8 17. Bd5 Nb4+ 18.
Ke2 Nxd5 19. exd5 Bxd5 20. f3 Rac8 21. Rhc1 a5 22. a3 Be6 23. Rxc8 Rxc8 24. Rb1 Rb8 25. g4 Bd5 26. h4 e6 27. Nb3 Bxb3 28. Rxb3 a4 29. Rb1 Bf8 30. Bc1 b4 31. axb4 Rxb4 32. Ra1 Rxd4 33. Be3 Rc4 34. Kd3 Rb4 35. Kc3 Rb3+ 36.
Kd2 a3 37. Ke2 Bg7 38. Rc1 Rb8 39. Rc2 Rb2 0-1

[Event "Early-Titled-Tuesday-Blitz-May-14-2024"]
[Site "Chess.com"]
[Date "2024.05.14"]
[Round "1"]
[White "ninguno46"]
[Black "FLYD"]
[Result "1-0"]
[WhiteElo "2556"]
[BlackElo "1982"]
[TimeControl "180+1"]
[EndTime "8:07:04 PDT"]
[Termination "ninguno46 won by checkmate"]

1. e4 c5 2. Nc3 Nc6 3. f4 d5 4.
Nxd5 f5 5. d3 Nf6 6. Nxf6+ exf6 7. Nf3 fxe4 8. dxe4 Qxd1+ 9. Kxd1 Bg4 10. c3 O-O-O+ 11.
Kc2 Bd6 12. h3 Bh5 13. Bd2 Rhe8 14. Re1 Bg6 15. f5 Bf7 16. Bb5 Kc7 17. Bxc6 Kxc6 18.
b3 b5 19. g4 Bg3 20. Re2 Re7 21. Rg1 Bc7 22. e5 Bd5 23. Rf1 fxe5 24. Bg5 e4 25. Nd2 Rde8 26. Bxe7 Rxe7 27. f6 gxf6 28. Rxf6+ Kb7 29.
c4 bxc4 30. Nxc4 a5 31. a4 Kc8 32. g5 Kd7 33. h4 Bg3 34. Nb6+ Ke8 35. Nxd5 Rb7 36. Rxe4+ Kd8 37. Rf8+ Kd7 38. Re7+ Kc6 39. Rf6+ Kxd5 40. Rxb7 Bxh4 41. Rxh7 Bxg5 42. Rf5+ Kd4 43. Rxg5 c4 44. Rh4+ Ke3 45. Rg3+ Kf2 46. Rc3 cxb3+ 47. Kb2 Ke1 48. Rh2 Kd1 49. Rg3 Ke1 50. Rg1# 1-0

[Event "Early-Titled-Tuesday-Blitz-May-14-2024"]
[Site "Chess.com"]
[Date "2024.05.14"]
[Round "1"]
[White "Witik"]
[Black "Triumphmate"]
[Result "0-1"]
[WhiteElo "2777"]
[BlackElo "2473"]
[TimeControl "180+1"]
[EndTime "8:07:05 PDT"]
[Termination "Triumphmate won by checkmate"]

1. d4 d5 2. Nf3 e6 3. c4 Nf6 4.
g3 Be7 5. Bg2 O-O 6. O-O dxc4 7.
Qc2 c5 8. dxc5 Nc6 9. Qxc4 e5 10. b4 Be6 11. Qb5 a5 12. bxa5 Rxa5 13. Qxb7 Bd5 14.
Nc3 Rxc5 15. Nxd5 Nxd5 16. Ba3 Na5 17. Qa6 Rc6 18. Bxe7 Nxe7 19. Qb5 e4 20. Ng5 f5 21. Rfd1 Qc7 22. Rab1 h6 23. Nh3 Ng6 24. e3 Nc4 25. Nf4 Nxf4 26. gxf4 Kh7 27. Rbc1 Rff6 28. Bf1 Nd2 29.
Rxc6 Nf3+ 30. Kh1 Rxc6 31. Qxf5+ Rg6 32. Qxe4 Qc6 33. Qxc6 Rg1# 0-1

[Event "Early-Titled-Tuesday-Blitz-May-14-2024"]
[Site "Chess.com"]
[Date "2024.05.14"]
[Round "1"]
[White "Stanbad1"]
[Black "BeautiFullMindChess"]
[Result "0-1"]
[WhiteElo "2592"]
[BlackElo "2285"]
[TimeControl "180+1"]
[EndTime "8:07:05 PDT"]
[Termination "BeautiFullMindChess won by resignation"]

1. d4 Nf6 2. Nc3 d5 3. Bf4 c5 4.
e4 Nxe4 5. Nxe4 dxe4 6. dxc5 Qa5+ 7. c3 Qxc5 8. Qa4+ Nc6 9. Qxe4 Bf5 10. Qa4 e5 11.
Be3 Qd6 12. Rd1 Qc7 13. Nf3 Be7 14. Be2 O-O 15. O-O Rfd8 16. h3 h6 17. Rfe1 a6 18. Rxd8+ Rxd8 19. Rd1 Rxd1+ 20. Qxd1 Be6 21. b3 f5 22. c4 f4 23. Bc1 e4 24. Nd4 Bd7 25. Nxc6 Bxc6 26. Bg4 Bc5 27. Bb2 f3 28. Bd4 Qd6 29.
Be6+ Kh8 30. Bd5 Bxd5 31. cxd5 Qg6 32. g4 Bd6 33. Qc2 Qe8 34. Be3 Qe5 35. Qc8+ Kh7 36. Qf5+ Qxf5 37. gxf5 g6 38. fxg6+ Kxg6 39. Kf1 h5 40.
Ke1 Kf5 41. Bd4 Be5 42. Bc5 Bc3+ 43. Kd1 Ke5 44. d6 Ke6 45. Kc2 Be5 46. Kd2 Bf4+ 47. Be3 Bxd6 48. Kc3 Kd5 49. b4 b5 50. Kb3 Be5 51.
Bg5 Bd4 52. Bh4 e3 53. fxe3 Bxe3 54. Kc2 f2 55. Bxf2 Bxf2 56. Kd3 Be1 0-1

[Event "Early-Titled-Tuesday-Blitz-May-14-2024"]
[Site "Chess.com"]
[Date "2024.05.14"]
[Round "1"]
[White "praveenb2002"]
[Black "yobdc"]
[Result "1-0"]
[WhiteElo "2863"]
[BlackElo "2501"]
[TimeControl "180+1"]
[EndTime "8:07:06 PDT"]
[Termination "praveenb2002 won by resignation"]

1. c4 e6 2. Nc3 d5 3. cxd5 exd5 4. d4 c6 5. Bf4 Nf6 6. e3 Bf5 7. Bd3 Bxd3 8. Qxd3 Be7 9. Nf3 O-O 10.
O-O Na6 11. a3 Nc7 12. b4 Ne6 13. Bg3 a5 14. Rab1 axb4 15. axb4 Ra3 16. Qc2 Re8 17. Ne5 Nd7 18. f4 f6 19. Nd3 Bf8 20. b5 Nb6 21. bxc6 bxc6 22. Nb2 Nc7 23. Ncd1 Nb5 24. Qxc6 Nd6 25. f5 Ra8 26. Nd3 Nbc4 27. Qxd5+ Kh8 28.
Bxd6 Nxd6 29. Nc5 Ra5 30. e4 Qe7 31. Nc3 Rd8 32. Qe6 Qc7 33. Nd5 Qb8 34. Rxb8 Rxb8 35. Nd7 1-0

[Event "Early-Titled-Tuesday-Blitz-May-14-2024"]
[Site "Chess.com"]
[Date "2024.05.14"]
[Round "1"]
[White "crescentmoon2411"]
[Black "Savagelittlemole"]
[Result "1-0"]
[WhiteElo "2843"]
[BlackElo "2484"]
[TimeControl "180+1"]
[EndTime "8:07:06 PDT"]
[Termination "crescentmoon2411 won by resignation"]

1. d4 Nf6 2. Nf3 c5 3. d5 e6 4.
c4 exd5 5. cxd5 d6 6. Nc3 g6 7.
e4 Bg7 8. Bb5+ Bd7 9. a4 O-O 10. O-O Bxb5 11. axb5 Nbd7 12. Bf4 Qe7 13. Re1 Nh5 14.
Bg5 Bf6 15. Bh6 Bg7 16. Qd2 Ne5 17. Nxe5 Qxe5 18. g3 Bxh6 19. Qxh6 Ng7 20. Kg2 a6 21. Qf4 Qe7 22. e5 dxe5 23. Rxe5 Qd7 24. Ne4 f5 25.
Nxc5 Qxb5 26. Qd4 Rac8 27. Re7 Rf7 28. Rxf7 Kxf7 29. b4 Re8 30. Rc1 Re7 31. d6 Qc6+ 32. Kg1 Ne6 33. Qd2 Re8 34. Nxe6 Qe4 35. Ng5+ 1-0

[Event "Early-Titled-Tuesday-Blitz-May-14-2024"]
[Site "Chess.com"]
[Date "2024.05.14"]
[Round "1"]
[White "vladgoncharov"]
[Black "agvega14"]
[Result "1-0"]
[WhiteElo "2569"]
[BlackElo "2135"]
[TimeControl "180+1"]
[EndTime "8:07:06 PDT"]
[Termination "vladgoncharov won on time"]

1. d4 d5 2. c4 e6 3. Nc3 Nf6 4. Bg5 Nbd7 5. e3 h6 6. Bh4 Bb4 7. cxd5 exd5 8. Bd3 O-O 9. Ne2 Re8 10. O-O c6 11. a3 Bd6 12. Bg3 Bxg3 13. Nxg3 Nf8 14. b4 a6 15. Qc2 Ng4 16. h3 Nf6 17. a4 Ne6 18. Rfd1 Bd7 19. b5 axb5 20. axb5 Rc8 21. bxc6 bxc6 22. Na4 Ng5 23. Nc5 Bxh3 24. gxh3 Nxh3+ 25. Kg2 Nxf2 26. Qxf2 Ng4 27. Qf4 Nxe3+ 28. Kf3 Qg5 29. Qxg5 hxg5 30. Re1 g4+ 31. Kf2 Nc4 32. Nf5 Rxe1 33. Rxe1 Ra8 34. Ne7+ Kf8 35. Nxc6 Ra2+ 36. Kg3 g6 37. Nb4 Ra3 38. Nxd5 Nb2 39. Nb4 1-0

[Event "Early-Titled-Tuesday-Blitz-May-14-2024"]
[Site "Chess.com"]
[Date "2024.05.14"]
[Round "1"]
[White "blitzking1729"]
[Black "KanalSzachowy"]
[Result "1-0"]
[WhiteElo "2764"]
[BlackElo "2430"]
[TimeControl "180+1"]
[EndTime "8:07:07 PDT"]
[Termination "blitzking1729 won by resignation"]

1. Nf3 c5 2. c4 Nc6 3. Nc3 g6 4. e4 Bg7 5. g3 d6 6. h3 Nf6 7.
d3 O-O 8. Bg2 Ne8 9. Be3 Nc7 10.
d4 cxd4 11. Nxd4 Ne6 12. Nde2 Ne5 13. b3 Qa5 14. Rc1 Bd7 15. O-O Bc6 16. f4 Nd7 17. Qd2 Qd8 18. b4 b6 19. Nd5 a5 20.
a3 Nc7 21. Nxb6 Nxb6 22. Bxb6 axb4 23. axb4 Qb8 24. Bd4 e5 25. Bf2 Rd8 26. Rb1 Ra3 27. Qb2 Qa8 28. Ra1 exf4 29. Qxa3 Bxa1 30. Rxa1 Qb7 31.
Nxf4 Bxe4 32. Bxe4 Qxe4 33. Qd3 Qe5 34. Ra7 Ne8 35.
Qd5 Qb2 36. Qxf7+ 1-0

[Event "Early-Titled-Tuesday-Blitz-May-14-2024"]
[Site "Chess.com"]
[Date "2024.05.14"]
[Round "1"]
[White "Athanasios2"]
[Black "Good_Knight_Kiss"]
[Result "1-0"]
[WhiteElo "2676"]
[BlackElo "2360"]
[TimeControl "180+1"]
[EndTime "8:07:08 PDT"]
[Termination "Athanasios2 won by resignation"]

1. e4 c5 2. Nf3 d6 3. d4 cxd4 4.
Nxd4 Nf6 5. Nc3 a6 6. g3 e5 7. Nde2 b5 8. Bg2 Bb7 9. O-O Nbd7 10. a4 b4 11. Nd5 Nxd5 12. exd5 a5 13. f4 Qb6+ 14.
Kh1 Be7 15. fxe5 dxe5 16. Qd3 O-O 17. Be3 Bc5 18. Bxc5 Nxc5 19. Qe3 Nxa4 20. Qe4 Nc5 21. Qxe5 Rae8 22. Qh5 g6 23. Qg4 f5 24. Qf3 Ne4 25.
Rad1 Qc5 26. c4 bxc3 27. Nxc3 Nxc3 28. bxc3 Re3 29. Qf4 Rxc3 30. Rfe1 Rc2 31. Qe5 Rd8 32. Qe6+ Kg7 33. Qe7+ Kh6 34. Qxb7 Qf2 35. Rg1 a4 36. Qe7 Rb8 37. Qh4+ Kg7 38. Qxa4 Rbb2 39. Qd4+ Qxd4 40. Rxd4 Kf6 41. d6 1-0

[Event "Early-Titled-Tuesday-Blitz-May-14-2024"]
[Site "Chess.com"]
[Date "2024.05.14"]
[Round "1"]
[White "Karina_Ivanova"]
[Black "OriTaichman"]
[Result "0-1"]
[WhiteElo "2234"]
[BlackElo "2597"]
[TimeControl "180+1"]
[EndTime "8:07:08 PDT"]
[Termination "OriTaichman won by checkmate"]

1. d4 Nf6 2. c4 g6 3. Nf3 Bg7 4.
g3 O-O 5. Bg2 d6 6. O-O Nc6 7.
Nc3 Rb8 8. b3 e5 9. dxe5 dxe5 10. Bb2 e4 11. Qxd8 Rxd8 12. Ng5 Rd2 13. Rab1 e3 14.
fxe3 Ng4 15. Rxf7 Rxb2 16. Rxg7+ Kxg7 17. Rxb2 Nxe3 18. Nd5 h6 19. Nxe3 hxg5 20. Nd5 b5 21. Nxc7 Nd4 22. Nxb5 Nxb5 23. cxb5 Rxb5 24. Rc2 Bg4 25.
Rc7+ Kh6 26. Rxa7 Bxe2 27. Bf1 Re5 28. Bxe2 Rxe2 29. a4 Rb2 30. Rb7 Kh5 31. Rb4 Ra2 32.
h4 gxh4 33. gxh4 g5 34. hxg5 Kxg5 35. Rb5+ Kf4 36. a5 Kg3 37. Kf1 Kf3 38. Ke1 Ke3 39.
Kd1 Kd3 40. Kc1 Kc3 41. Kb1 Rb2+ 42. Ka1 Rh2 43. b4 Kb3 44. Kb1 Rh1# 0-1